cohdb
Replays
Latest Replays
All Replays
Popular Replays
Top Player Replays
Match Explorer
How It Works
Community
CoH3 Stats
Reddit
Sign in to upload your games and track your stats! →
Sign in with Steam
Match 40929677
Unlisted
Match 40929677
Overview
Messages
Build Orders
End
Scout Squad
Scout Squad
Selects Airborne Battlegroup
Selects Pathfinders
Construct Weapon Support Center
M1919 Machine Gun Team
Construct Medical Station
Selects Paratrooper Squad Paradrop
Paratrooper Squad Paradrop
Engineer Squad
Paratrooper Squad Paradrop
Pathfinder Squad
Mechanized Support Center
Paratrooper Squad Paradrop
Construct Motor Pool
Bran
DrewP
Dillbro
Mirland
Rimsky
Yayotastico
0
0
Comments
sign in to comment!
No comments posted yet!